 Dungeon Crawl Stone Soup version 0.28.0-45-g0d030f2227 (webtiles) character file.

Game seed: 16812635845197675341

322 zeratav the Insei (level 6, -2/39 HPs)
             Began as an Octopode Transmuter on Apr 3, 2022.
             Slain by an orc warrior
             ... wielding a +0 halberd
              (10 damage)
             ... on level 4 of the Dungeon.
             The game lasted 00:10:16 (3110 turns).

zeratav the Insei (Octopode Transmuter)             Turns: 3110, Time: 00:10:17

Health: -2/39      AC:  1    Str: 10    XL:     6   Next: 47%
Magic:  11/11      EV: 13    Int: 17    God:
Gold:   153        SH:  0    Dex: 12    Spells: 6/12 levels left

rFire   . . .      SeeInvis .     - Unarmed
rCold   . . .      Faith    .   (no shield)
rNeg    . . .      Spirit   .   (helmet restricted)
rPois   .          Reflect  .   c - amulet of magic regeneration
rElec   .          Harm     .   (no ring)
rCorr   .          Rampage  .   (no ring)
Will    .....                   (no ring)
Stlth   ++........              (no ring)
HPRegen 0.13/turn               (no ring)
MPRegen 0.52/turn               (no ring)
                                (no ring)
                                (no ring)

@: confused, ambrosia-drunk
A: almost no armour, amphibious, 8 rings, camouflage 1, gelatinous body 1,
(nimble swimmer 1), tentacles
a: no special abilities


You were on level 4 of the Dungeon.
You visited 1 branch of the dungeon, and saw 4 of its levels.

You collected 153 gold pieces.

Inventory:

Missiles
 a - 75 stones
 d - 4 silver javelins
 k - 4 poisoned darts (quivered)
Jewellery
 c - an amulet of magic regeneration (around mantle)
 i - a +4 ring of slaying
Scrolls
 b - 2 scrolls of amnesia
Potions
 f - a potion of brilliance {unknown}
 g - 2 potions of curing {unknown}
 j - a potion of mutation {unknown}
 l - a potion of degeneration {unknown}


   Skills:
 * Level 1.8 Fighting
 + Level 2.4 Dodging
 + Level 0.4 Stealth
 * Level 4.3 Unarmed Combat
 * Level 3.6 Spellcasting
 * Level 3.0 Transmutations
 * Level 3.0 Poison Magic


You had 6 spell levels left.
You knew the following spells:

 Your Spells              Type           Power      Damage    Failure   Level
a - Beastly Appendage     Tmut           26%        N/A       4%          1
b - Spider Form           Tmut/Pois      13%        N/A       14%         3
c - Blink                 Tloc           6%         N/A       24%         2

Your spell library contained the following spells:

 Spells                   Type           Power      Damage    Failure   Level
 Wereblood                Tmut           13%        N/A       8%          2
 Gell's Gravitas          Tloc           3%         N/A       43%         3
 Lesser Beckoning         Tloc           3%         N/A       43%         3
 Teleport Other           Tloc           3%         N/A       43%         3
 Ice Form                 Ice/Tmut       8%         N/A       65%         4
 Manifold Assault         Tloc           3%         N/A       99%         5
 Dispersal                Tloc           1%         N/A       100%        6


Dungeon Overview and Level Annotations

Branches:
Dungeon (4/15)
 Temple: D:4-7

Altars:
Gozag
Kikubaaqudgha


Innate Abilities, Weirdness & Mutations

You cannot wear most types of armour.
You are amphibious.
You can wear up to eight rings at the same time.
Your skin changes colour to match your surroundings (Stealth+).
Your rubbery body absorbs attacks. (AC +1, EV +1)
((You are camouflaged when in or above water. (Stealth+)))
You have tentacles for arms and can constrict up to eight enemies at once.


Message History

The orc priest looks encouraged for a moment.
You're too confused to move!
Your transformation is almost over.
The orc priest calls down the wrath of Beogh upon you.
Pain shoots through your body! The orc wizard casts a spell at you.
You are more confused.
The orc priest calls down the wrath of Beogh upon you.
Beogh smites you!
The orc wizard points at you and mumbles some strange words.
The puff of flame misses you. The orc warrior misses you.
The orc priest barely misses you.
The orc warrior hits you from afar with a +0 halberd!
* * * LOW HITPOINT WARNING * * *
You are more confused.
You feel invigorated.
The orc priest begins to cast a cantrip, but forgets the words!
The orc wizard closely misses you. The orc warrior completely misses you.
You hit the orc wizard.
The orc wizard is poisoned.
The orc wizard is lightly wounded.
The orc priest barely misses you. The orc wizard barely misses you.
The orc warrior closely misses you.
You completely miss the orc wizard.
The orc wizard is moderately wounded.
Your transformation has ended.
The orc priest hits you with a +0 hand axe.
* * * LOW HITPOINT WARNING * * *
The orc wizard hits you with a +0 dagger.
* * * LOW HITPOINT WARNING * * *
The orc warrior hits you from afar with a +0 halberd.
* * * LOW HITPOINT WARNING * * *
You're too confused to cast spells.
The orc warrior misses you.
The orc wizard points at you and mumbles some strange words.
The puff of flame hits you!
* * * LOW HITPOINT WARNING * * *
You bump into the rock wall.
The orc warrior hits you from afar with a +0 halberd!
You die...

...............# ##.......##
##...........# ##.....#...#
##.....##....## #...#.......
.......>##....# ##..###......
$.............###..###......#
..##...####............##...#
##.# ##.oo.......#####.. #.#
##.####....# #.. #. #@o#
##.#.## #.. ! #.#.# #.##.#
### .. #.#### #.#### ## #.#
#.# ###


You could see an orc warrior, an orc priest and an orc wizard (very poisoned).

Vanquished Creatures
  Grinder (D:4)
  A hound (D:3)
  An iguana (D:4)
  Robin (D:3)
  An adder (D:2)
  A worm (D:3)
  2 dart slugs
  An orc (D:3)
  2 bats
  2 endoplasms
  A giant cockroach (D:1)
  14 goblins
  4 hobgoblins
  4 kobolds
  2 quokkas
  5 ball pythons
  2 frilled lizards
  4 rats (D:1)
49 creatures vanquished.

Notes
Turn   | Place    | Note
-------+----------+-------------------------------------------
     0 | D:1      | zeratav the Octopode Transmuter began the quest for the
                  | Orb.
     0 | D:1      | Reached XP level 1. HP: 13/13 MP: 3/3
   437 | D:1      | Reached XP level 2. HP: 15/18 MP: 3/5
  1116 | D:2      | Reached skill level 1 in Poison Magic
  1166 | D:2      | Reached XP level 3. HP: 19/23 MP: 4/6
  1254 | D:2      | Learned a level 3 spell: Spider Form
  1270 | D:2      | Found an ancient bone altar of Kikubaaqudgha.
  1702 | D:3      | Noticed Robin
  1832 | D:3      | Killed Robin
  1836 | D:3      | HP: 1/23 [hobgoblin[Robin] (2)]
  1837 | D:3      | Reached XP level 4. HP: 1/28 MP: 3/8
  2383 | D:3      | Learned a level 2 spell: Blink
  2701 | D:4      | Found an opulent altar of Gozag.
  2708 | D:4      | Noticed Grinder
  2712 | D:4      | Reached XP level 5. HP: 33/33 MP: 7/9
  2866 | D:4      | Paralysed by Grinder for 2 turns
  2869 | D:4      | Killed Grinder
  2870 | D:4      | Reached skill level 4 in Unarmed Combat
  2870 | D:4      | Reached XP level 6. HP: 16/39 MP: 9/11
  3086 | D:4      | Noticed an orc warrior
  3107 | D:4      | HP: 1/39 [orc warrior/+0 halberd (5)]
  3110 | D:4      | Slain by an orc warrior

Illustrated notes

Levels and vault maps discovered:
D:1:      dpeg_arrival_stone_temple_mockup, layout_basic, minmay_cut_off
D:2:      layout_rooms, basic_altar
D:3:      layout_loops_ring, kennysheep_generic_room_11, uniq_robin
D:4:      layout_layer_cave, gammafunk_temple_overflow_forgotten,
          general_overflow_altar, uniq_grinder

Skill      XL: |  1  2  3  4  5 |
---------------+----------------+-----
Poison Magic   | 1 2 3 |  3.0
Spellcasting   | 3 |  3.6
Unarmed Combat | 4 |  4.3
Transmutations | 3 |  3.0
Fighting       | |  1.8
Dodging        | |  2.4
Stealth        | |  0.4

Action                   |  1- 3 |  4- 6 || total
-------------------------+-------+-------++-------
Melee: Unarmed           |    65 |    50 ||   115
       Constrict         |    19 |     5 ||    24
       Kick              |    13 |     5 ||    18
       Tentacles         |     7 |     5 ||    12
       Punch             |     1 |       ||     1
 Cast: Beastly Appendage |    23 |     2 ||    25
       Spider Form       |     2 |     5 ||     7
       Blink             |       |     1 ||     1
  Use: Scroll            |     3 |     1 ||     4
       Potion            |       |     3 ||     3
 Stab: Sleeping          |     3 |       ||     3
Armor: Skin              |     7 |     2 ||     9
Dodge: Dodged            |    44 |    55 ||    99
